 Dungeon Crawl Stone Soup version 0.29.0-4-gdea44cf6ec (webtiles) character file.

Game seed: 14338428453714964296

22 sentinel the Digger (level 3, 26/26 HPs)
             Began as a Meteoran Earth Elementalist on Aug 27, 2022.
             Was a Follower of Yredelemnul.
             Quit the game on level 2 of the Dungeon.
             The game lasted 00:00:54 (127 turns).

sentinel the Digger (Meteoran Earth Elementalist)    Turns: 127, Time: 00:00:54

Health: 26/26      AC:  2    Str:  9    XL:     3   Next: 23%
Magic:  8/8        EV: 13    Int: 19    God:    Yredelemnul [*.....]
Gold:   0          SH:  0    Dex: 20    Spells: 6/7 levels left

rFire   . . .      SeeInvis .   (no weapon)
rCold   . . .      Faith    .   (no shield)
rNeg    . . .      Spirit   .   a - +0 robe
rPois   .          Reflect  .   (no helmet)
rElec   .          Harm     .   (no cloak)
rCorr   .          Rampage  .   (no gloves)
Will    .....                   (no boots)
Stlth   +.........              (no amulet)
HPRegen 0.08/turn               f - +6 ring of dexterity
MPRegen 0.11/turn               (no ring)

@: glowing
A: sense surroundings 1, otherworldly, glowing, explore regen
a: Renounce Religion, Recall Undead Harvest


You were on level 2 of the Dungeon.
You worshipped Yredelemnul.
Yredelemnul was noncommittal.
You visited 1 branch of the dungeon, and saw 2 of its levels.

Inventory:

Armour
 a - a +0 robe (worn)
Jewellery
 f - a +6 ring of dexterity (left hand)
Scrolls
 c - a scroll of brand weapon {unknown}
 d - a scroll of torment {unknown}
Potions
 b - a potion of magic
 e - a potion of might {unknown}
 g - 2 potions of cancellation {unknown}


   Skills:
 - Level 2.4 Dodging
 - Level 1.4 Stealth
 - Level 2.6 Spellcasting
 - Level 1.2 Transmutations
 + Level 4.9 Earth Magic


You had 6 spell levels left.
You knew the following spells:

 Your Spells              Type           Power      Damage    Failure   Level
a - Sandblast             Erth           42%        2d11      1%          1

Your spell library contained the following spells:

 Spells                   Type           Power      Damage    Failure   Level
 Passwall                 Tmut/Erth      11%        N/A       7%          2
 Stone Arrow              Conj/Erth      22%        3d8       17%         3
 Petrify                  Tmut/Erth      14%        N/A       41%         4


Dungeon Overview and Level Annotations

Branches:
Dungeon (2/15) Zot: 1065

Altars:
Yredelemnul


Innate Abilities, Weirdness & Mutations

You passively map a small area around you.
You are easily found by Zot.
You glow in the dark.
You regain HP and MP as you explore.


Message History

Welcome, sentinel the Meteoran Earth Elementalist.
They say the Orb of Zot lies within this dungeon, but they say a lot of things.
Press ? for a list of commands and other information.
Found a scroll labelled PEULIU ILLEXUD.
Found a staircase leading out of the dungeon.
c - a scroll labelled PEULIU ILLEXUD
There is a staircase leading out of the dungeon here.
You open the door.
There is an open door here.
d - a scroll labelled USSITA YNLO A dart slug comes into view.
But you're not safe! The dart slug launches a dart at you.
The slug dart hits you.
The blast of sand hits the dart slug.
The dart slug is heavily wounded.
The dart slug launches a dart at you. The slug dart hits you.
The blast of sand hits the dart slug!
You kill the dart slug!
A goblin comes into view. It is wielding a +0 dagger.
The goblin shouts!
The blast of sand misses the goblin.
An endoplasm comes into view.
The blast of sand hits the goblin!
You kill the goblin!
The endoplasm quivers.
A goblin comes into view. It is wielding a +0 dagger.
Your Earth Magic skill increases to level 4!
You can't see any susceptible monsters within range! (Use Z to cast anyway.)
The blast of sand hits the endoplasm!
You kill the endoplasm!
The goblin shouts!
A bat comes into view.
You have reached level 2!
The blast of sand misses the bat.
The bat hits you but does no damage.
The blast of sand misses the bat.
The bat hits you. The bat hits you but does no damage.
The blast of sand hits the bat!
You kill the bat!
The goblin hits you with a +0 dagger.
You are out of magic!
You are out of magic!
The goblin attacks as you move away! The goblin closely misses you.
You see here a bat corpse.
The goblin attacks as you move away! The goblin misses you.
Found a clear potion.
The blast of sand hits the goblin!
You kill the goblin!
Found 5 gold pieces.
An endoplasm comes into view.
The endoplasm quivers.
You see here a clear potion.
e - a clear potion The blast of sand hits the endoplasm!
You kill the endoplasm!
You can't see any susceptible monsters within range! (Use Z to cast anyway.)
Found a leather armour.
Found 7 stones.
You see here a +0 leather armour.
Found a spear.
Found a stone staircase leading down.
There is a stone staircase leading down here.
You climb downwards.
There is a stone staircase leading up here.
The endoplasm quivers.
The endoplasm jiggles.
The blast of sand hits the endoplasm.
The endoplasm is moderately wounded.
The endoplasm freezes you.
You are frozen.
The blast of sand hits the endoplasm!
You kill the endoplasm!
Really walk into that dispersal trap?
You enter a dispersal trap!
You blink.
Found 11 gold pieces, a runed bone ring and 2 inky potions.
An adder comes into view.
Found a trident.
The adder hisses angrily.
A quokka comes into view.
The blast of sand hits the adder!
The adder is almost dead.
The blast of sand hits the adder.
You kill the adder!
You have reached level 3!
Your experience leads to an increase in your attributes!
Increase (s)trength, (i)ntelligence, or (d)exterity?
You feel clever. x3
The blast of sand hits the quokka.
You kill the quokka!
You can't see any susceptible monsters within range! (Use Z to cast anyway.)
A ball python comes into view.
Found 19 gold pieces.
f - a +6 ring of dexterity You feel agile.
f - a +6 ring of dexterity (left hand)
You see here 2 inky potions.
g - 2 inky potions The blast of sand hits the ball python!
You kill the ball python!
Found 8 gold pieces.
You can't see any susceptible monsters within range! (Use Z to cast anyway.)
Found a hand axe.
Found a faded altar of an unknown god.
Found 6 gold pieces.
There is a faded altar of an unknown god here.
You cannot tell which god this altar belongs to.
Convert to them anyway?
Yredelemnul accepts your prayer! Yredelemnul welcomes you!
You can now reap souls.
You can now recall your undead harvest.
Are you sure you want to abandon this character and quit the game? (Confirm with "yes".)

... , ######..#..
#.$.........
##........... *
#..........#*
#..........# #..♣Z♣.....#
#..@......# * #.♣Z♣Z....#
* #####....)....#
#.............#
##.♣.♣.♣.♣.♣.♣.# #, *
#..........$.... #.##+##
#♣.♣.♣.♣.♣.♣.♣.♣###.#....
#...............#........
#♣.♣.♣.♣.♣.♣.♣.♣#........


You could see 2 friendly adder zombies and a friendly quokka zombie.

Vanquished Creatures
  An adder (D:2)
  A dart slug (D:1)
  A bat (D:1)
  3 endoplasms
  2 goblins (D:1)
  A quokka (D:2)
  A ball python (D:2)
10 creatures vanquished.

Notes
Turn   | Place    | Note
-------+----------+-------------------------------------------
     0 | D:1      | sentinel the Meteoran Earth Elementalist began the quest
                  | for the Orb.
     0 | D:1      | Reached XP level 1. HP: 14/14 MP: 5/5
    28 | D:1      | Reached skill level 4 in Earth Magic
    30 | D:1      | Reached XP level 2. HP: 14/20 MP: 3/6
    98 | D:2      | Reached XP level 3. HP: 26/26 MP: 5/8
   119 | D:2      | Found a faded altar of an unknown god.
   126 | D:2      | Prayed at the altar of an unknown god.
   126 | D:2      | Became a worshipper of Yredelemnul the Dark
   126 | D:2      | Reached * piety under Yredelemnul
   127 | D:2      | Quit the game

Illustrated notes

Levels and vault maps discovered:
D:1:      saegor_arrival_under_anarchy, layout_basic
D:2:      layout_basic, chequers_ecumenical_altar_simple, serial_shops,
          nicolae_shop_advertising_works [nicolae_subvault_shop_adworks],
          basic_altar, kennysheep_crisscross, serial_bayou_ford_a,
          kennysheep_generic_room_13

Skill      XL: |  1 |
---------------+----+-----
Earth Magic    | 4 |  4.9
Dodging        | |  2.4
Stealth        | |  1.4
Spellcasting   | |  2.6
Transmutations | |  1.2

Action                   || total
-------------------------++-------
 Cast: Sandblast         ||    16
Armor: Robe              ||     2
Dodge: Dodged            ||     2
